 Dungeon Crawl Stone Soup version 0.21-a0-85-ga0cb861 (webtiles) character file.

5789 nikopol the Cleaver (level 10, -1/136 HPs)
             Began as a Minotaur Berserker on June 25, 2017.
             Was an Elder of Trog.
             Slain by a yak (7 damage)
             ... on level 9 of the Dungeon.
             The game lasted 00:16:15 (7972 turns).

nikopol the Cleaver (Minotaur Berserker)            Turns: 7972, Time: 00:16:16

Health: -1/136     AC:  7    Str: 30    XL:     10   Next: 50%
Magic:  9/9        EV: 14    Int:  4    God:    Trog [****..]
Gold:   444        SH:  0    Dex: 10    Spells: 9/9 levels left

rFire    . . .     SeeInvis .   a - +1 war axe
rCold    . . .     Gourm    .   (no shield)
rNeg     . . .     Faith    .   p - +0 ring mail
rPois    .         Spirit   .   (helmet restricted)
rElec    .         Reflect  .   (no cloak)
rCorr    .         Harm     .   (no gloves)
MR       .....                  (no boots)
Stlth    ..........             (no amulet)
HPRegen  0.32/turn              (no ring)
MPRegen  0.11/turn              (no ring)

@: berserking (expiring), very quick
A: retaliatory headbutt, horns 2
a: Berserk, Trog's Hand, Brothers in Arms, Burn Spellbooks, Renounce Religion


You were on level 9 of the Dungeon.
You worshipped Trog.
Trog was greatly pleased with you.
You were very hungry.

You visited 1 branch of the dungeon, and saw 9 of its levels.

You collected 444 gold pieces.

Inventory:

Hand Weapons
 a - a +1 war axe (weapon)
 z - a +3 hand crossbow
Missiles
 d - 52 bolts
Armour
 b - a +0 animal skin
 p - a +0 ring mail (worn)
Wands
 r - a wand of iceblast (8/15)
 y - a wand of polymorph (18/24)
 A - a wand of random effects (21/48)
 C - a wand of confusion (48/48)
 F - a wand of scattershot (6/9)
 O - a wand of disintegration (15/24)
Scrolls
 f - 2 scrolls of noise {unknown}
 h - 2 scrolls of immolation {unknown}
 j - 2 scrolls of teleportation {unknown}
 k - 4 scrolls of remove curse
 m - 3 scrolls of fog {unknown}
 n - 2 scrolls of magic mapping {unknown}
 o - 3 scrolls of enchant weapon
 u - 2 scrolls of identify
 v - 2 scrolls of blinking {unknown}
 x - 2 scrolls of random uselessness {unknown}
 G - 3 scrolls of recharging
 H - a scroll of enchant armour {unknown}
 M - a scroll of fear {unknown}
 P - 2 scrolls of amnesia {unknown}
Potions
 e - 3 potions of cancellation
 g - 4 potions of heal wounds
 i - 7 potions of curing
 q - a potion of might
 s - 2 potions of mutation {unknown}
 t - a potion of lignification {unknown}
 w - 3 potions of haste {unknown}
 D - 2 potions of flight {unknown}
 E - a potion of ambrosia {unknown}
 I - a potion of berserk rage {unknown}
 L - a potion of invisibility {unknown}
 Q - a potion of degeneration {unknown}
Comestibles
 c - 11 bread rations
 l - 5 meat rations
 B - 3 chunks of flesh
 J - 3 royal jellies
 N - a fruit


   Skills:
 + Level 9.3 Fighting
 + Level 12.7 Axes
 + Level 8.9 Armour
 + Level 6.3 Dodging
 + Level 2.2 Stealth


You had 9 spell levels left.
You didn't know any spells.

Dungeon Overview and Level Annotations

Branches:
Dungeon (9/15)             Temple (0/1) D:5
   Lair: D:8-11         Orc: D:9-12

Altars:
Dithmenos
Elyvilon
Hepliaklqana
Makhleb
Okawaru
Qazlal
Ru
Sif Muna
Uskayaw
Yredelemnul
Zin
The Shining One

Shops:
D:4 =   D:5 *


Innate Abilities, Weirdness & Mutations

You reflexively headbutt those who attack you in melee.
You have a pair of horns on your head.


Message History

You slice the yak!!
The yak is severely wounded.
The yak barely misses you. You furiously retaliate!
You headbutt the yak!
The orc warrior hits you with a halberd!
* * * LOW HITPOINT WARNING * * *
Things that are here:
a flail; a worker ant corpse; a yak corpse You slash the orc warrior!
The orc warrior is heavily wounded.
You hit the yak. You slice the yak!!
You kill the yak!
Trog accepts your kill.
You slice the orc warrior!!
You kill the orc warrior!
Trog accepts your kill.
You barely miss the yak. The yak misses you.
You slice the yak!!
The yak is almost dead.
The yak gores you!
You die...

.......# ###.#.......##
##.###.###.............
#.###.......#..#......
#..######.###..#.# ...
##.## #.##.....#..#
#...# #.##........#
#...# #.......##.##
#...# ##.#...†...#
#...######.#.##@####
#..............Yo{#
##....####...###.#.#
............. #.#.#
...[......... ..# .
............ ... ..
.......###. ... ..
.#........ #.## ...
.......###


You could see a yak and an orc.

Vanquished Creatures
  2 two-headed ogres (D:8)
  Pikel (D:7)
  Grinder (D:5)
  5 yaks (D:9)
  A spriggan (D:7)
  Menkaure (D:4)
  3 slaves (D:7)
  An orc warrior (D:9)
  2 ice beasts
  A sky beast (D:6)
  A phantom (D:5)
  5 ogres
  A necrophage (D:4)
  A centaur (D:6)
  A big kobold (D:8)
  2 bullfrogs (D:8)
  A gnoll sergeant (D:8)
  Blork the orc (D:6)
  A water moccasin skeleton (D:6)
  2 scorpions
  3 howler monkeys (D:9)
  2 crimson imps
  A centaur zombie (D:8)
  A bullfrog zombie (D:8)
  A hound (D:8)
  3 orc priests
  A jelly (D:9)
  6 orc wizards
  2 gnoll shamans
  Ijyb (D:5)
  2 iguanas (D:6)
  8 worker ants
  A hound zombie (D:7)
  2 hound skeletons
  18 gnolls
  2 howler monkey skeletons (D:4)
  8 adders
  4 shadow imps
  2 oozes (D:3)
  An adder zombie (D:5)
  An adder skeleton (D:6)
  A worm (D:5)
  A dart slug (D:4)
  37 orcs
  5 giant cockroaches
  8 goblins
  7 hobgoblins
  2 jackals (D:1)
  17 kobolds
  6 quokkas
  2 bats
  3 frilled lizards
  A jackal zombie (D:5)
  A quokka zombie (D:7)
  7 rats
  A spectral orc (D:5)
203 creatures vanquished.

Vanquished Creatures (others)
  An orc (D:7)
1 creature vanquished.

Grand Total: 204 creatures vanquished

Notes
Turn   | Place    | Note
-------+----------+-------------------------------------------
     0 | D:1      | nikopol the Minotaur Berserker began the quest for the Orb.
     0 | D:1      | Reached XP level 1. HP: 19/19 MP: 0/0
   300 | D:1      | Reached XP level 2. HP: 23/27 MP: 1/1
   938 | D:2      | Reached skill level 4 in Axes
  1000 | D:2      | Reached ** piety under Trog
  1062 | D:2      | Reached XP level 3. HP: 33/33 MP: 2/2
  1696 | D:3      | Reached XP level 4. HP: 41/41 MP: 3/3
  1745 | D:3      | Reached skill level 5 in Axes
  1747 | D:3      | Reached XP level 5. HP: 41/47 MP: 4/4
  2218 | D:4      | Noticed Menkaure
  2227 | D:4      | Killed Menkaure
  2227 | D:4      | Reached skill level 6 in Axes
  2227 | D:4      | Reached XP level 6. HP: 29/55 MP: 5/5
  2413 | D:4      | Reached skill level 5 in Fighting
  2623 | D:4      | Found Umacumea's Jewellery Shop.
  2860 | D:4      | Reached skill level 7 in Axes
  3059 | D:5      | Entered Level 5 of the Dungeon
  3113 | D:5      | Reached XP level 7. HP: 61/61 MP: 6/6
  3117 | D:5      | Reached *** piety under Trog
  3377 | D:5      | Reached skill level 5 in Armour
  3484 | D:5      | Found Suat's Assorted Antiques.
  3611 | D:5      | Noticed Grinder
  3614 | D:5      | Paralysed by Grinder for 6 turns
  3629 | D:5      | Paralysed by Grinder for 2 turns
  3633 | D:5      | Killed Grinder
  3633 | D:5      | Reached skill level 8 in Axes
  3633 | D:5      | Reached skill level 1 in Stealth
  3886 | D:5      | Noticed Ijyb
  3891 | D:5      | Killed Ijyb
  3891 | D:5      | Reached XP level 8. HP: 70/70 MP: 7/7
  3934 | D:5      | Found a basalt altar of Yredelemnul.
  4049 | D:5      | Found a staircase to the Ecumenical Temple.
  4143 | D:5      | Found a shadowy altar of Dithmenos.
  4147 | D:5      | Found a stormy altar of Qazlal.
  4152 | D:5      | Found an iron altar of Okawaru.
  4153 | D:5      | Found a sacrificial altar of Ru.
  4154 | D:5      | Found a hide-covered altar of Uskayaw.
  4156 | D:5      | Found a deep blue altar of Sif Muna.
  4157 | D:5      | Found a glowing silver altar of Zin.
  4315 | D:6      | Reached skill level 9 in Axes
  4897 | D:6      | Found a white marble altar of Elyvilon.
  5065 | D:6      | Noticed Blork the orc
  5069 | D:6      | Killed Blork the orc
  5080 | D:6      | Reached skill level 10 in Axes
  5080 | D:6      | Reached skill level 5 in Dodging
  5083 | D:6      | Reached XP level 9. HP: 63/78 MP: 8/8
  5279 | D:6      | You fall through a shaft!
  5294 | D:7      | Noticed Pikel
  5307 | D:7      | Killed Pikel
  5319 | D:7      | Reached **** piety under Trog
  5451 | D:7      | Found a hazy altar of Hepliaklqana.
  6140 | D:6      | Found a burning altar of Makhleb.
  6467 | D:6      | Found a glowing golden altar of the Shining One.
  6505 | D:8      | Reached skill level 11 in Axes
  6595 | D:8      | Noticed a two-headed ogre
  6606 | D:8      | Killed a two-headed ogre
  6842 | D:8      | Found a burning altar of Makhleb.
  6946 | D:8      | Noticed a two-headed ogre
  6952 | D:8      | Killed a two-headed ogre
  6952 | D:8      | Reached skill level 12 in Axes
  6952 | D:8      | Reached XP level 10. HP: 73/90 MP: 9/9
  7969 | D:9      | HP: 6/136 [orc warrior/halberd (16)]
  7972 | D:9      | Slain by a yak

Vault maps used:
D:1:      saegor_arrival_simple_d
D:3:      first_bread
D:4:      serial_shops, shop_statue, uniq_menkaure
D:5:      yredelemnul_forgotten_temple_becter, minitemple,
          minmay_temple_entry_butterflies, serial_shops, shop_fountains,
          minmay_crystal_water, uniq_ijyb, uniq_grinder
D:6:      lemuel_crystal_altar, tso_oasis_becter, basic_altar,
          uniq_blork_the_orc
D:7:      kennysheep_mini, the_bakery, uniq_pikel
D:8:      lightli_temple_of_fire

Skill      XL: |  1  2  3  4  5  6  7  8  9 10 |
---------------+-------------------------------+-----
Fighting       | 4 5 6 8 9 |  9.3
Axes           | 4 5 6 7 8 10 12 | 12.7
Armour         | 3 4 5 7 8 |  8.9
Dodging        | 3 4 5 6 |  6.3
Stealth        | 1 2 |  2.2

Action                   |  1- 3 |  4- 6 |  7- 9 | 10-12 || total
-------------------------+-------+-------+-------+-------++-------
Melee: Hand axe          |    83 |    96 |    29 |       ||   208
       Headbutt          |    12 |    15 |    62 |    23 ||   112
       War axe           |       |       |   239 |    73 ||   312
Invok: Trog's Hand       |     1 |       |       |       ||     1
       Berserk           |       |     2 |     4 |     1 ||     7
       Burn Spellbooks   |       |       |     1 |       ||     1
  Use: Scroll            |       |       |     6 |       ||     6
  Eat: Chunk             |     2 |     6 |    15 |     3 ||    26
       Royal jelly       |       |       |     1 |       ||     1
Armor: Animal skin       |     1 |       |       |       ||     1
       Ring mail         |    16 |    24 |    60 |     9 ||   109
Dodge: Dodged            |    58 |    61 |   144 |    39 ||   302
